 Dungeon Crawl Stone Soup version 0.29-a0-719-g0fec994a2d (webtiles) character file.

Game seed: 127006446468211606

10127 Ijustatesigmund the Thaumaturge (level 11, -4/59 HPs)
             Began as a Deep Elf Earth Elementalist on June 24, 2022.
             Was a High Priest of Cheibriados.
             Slain by a catoblepas (19 damage)
             ... on level 9 of the Dungeon on June 27, 2022.
             The game lasted 00:48:19 (12520 turns).

Ijustatesigmund the Thaumaturge (DEEE)             Turns: 12520, Time: 00:48:19

Health: -4/59      AC:  8    Str: 19    XL:     11   Next: 32%
Magic:  18/29      EV: 17    Int: 39    God:    Cheibriados [*****.]
Gold:   171        SH:  0    Dex: 29    Spells: 21/34 levels left

rFire   . . .      SeeInvis .   d - +1 short sword (protect)
rCold   . . .      Faith    .   (no shield)
rNeg    + . .      Spirit   .   a - +2 robe {rN+}
rPois   .          Reflect  .   (no helmet)
rElec   .          Harm     .   x - +0 cloak
rCorr   +          Rampage  .   t - +1 pair of gloves
Will    ++...                   p - +0 pair of boots
Stlth   ++++......              h - amulet of magic regeneration
HPRegen 0.19/turn               j - ring of willpower
MPRegen 0.61/turn               y - ring of resist corrosion

@: brilliant, very slow
A: no striking features
a: Renounce Religion, Bend Time, Temporal Distortion, Slouch, Step From Time


You were on level 9 of the Dungeon.
You worshipped Cheibriados.
Cheibriados was extremely pleased with you.
You visited 1 branch of the dungeon, and saw 9 of its levels.

You collected 395 gold pieces.
You spent 224 gold pieces at shops.

Inventory:

Hand Weapons
 d - a +1 short sword of protection (weapon)
Armour
 a - a +2 robe of positive energy (worn)
 e - an orb of light
 p - a +0 pair of boots (worn)
 t - a +1 pair of gloves (worn)
 x - a +0 cloak (worn)
Jewellery
 h - an amulet of magic regeneration (around neck)
 j - a ring of willpower (left hand)
 y - a ring of resist corrosion (right hand)
 D - a ring of positive energy
 E - a ring of ice
Wands
 i - a wand of acid (10)
 m - a wand of charming (11)
 z - a wand of flame (14)
 B - a wand of polymorph (5)
Scrolls
 c - 2 scrolls of fog
 n - a scroll of fear
 o - 2 scrolls of poison
 u - a scroll of teleportation
 A - 5 scrolls of identify
Potions
 b - 2 potions of magic
 f - a potion of heal wounds
 g - 3 potions of cancellation
 k - 4 potions of curing
 l - 2 potions of mutation
 q - 2 potions of lignification
 r - 2 potions of brilliance
 s - a potion of haste
 v - a potion of resistance
 w - a potion of ambrosia
Miscellaneous
 C - a condenser vane


   Skills:
 - Level 2.8 Fighting
 - Level 5.0 Dodging
 - Level 5.4 Stealth
 + Level 12.1 Spellcasting
 - Level 8.8 Conjurations
 - Level 5.1 Transmutations
 - Level 3.0 Air Magic
 - Level 6.6 Earth Magic
 - Level 3.2 Poison Magic
 + Level 7.1 Invocations
 - Level 4.3 Evocations


You had 21 spell levels left.
You knew the following spells:

 Your Spells              Type           Power      Damage    Failure   Level
a - Sandblast             Erth           100%       2d20      1%          1
b - Stone Arrow           Conj/Erth      100%       3d13      1%          3
c - Passwall              Tmut/Erth      67%        N/A       1%          2
d - Mephitic Cloud        Conj/Pois/Air  76%        N/A       1%          3
e - Petrify               Tmut/Erth      81%        N/A       1%          4

Your spell library contained the following spells:

 Spells                   Type           Power      Damage    Failure   Level
 Beastly Appendage        Tmut           100%       N/A       1%          1
 Freeze                   Ice            100%       1d11      1%          1
 Magic Dart               Conj           100%       1d8       1%          1
 Static Discharge         Conj/Air       81%        N/A       1%          2
 Wereblood                Tmut           77%        N/A       1%          2
 Spider Form              Tmut/Pois      71%        N/A       1%          3
 Call Imp                 Summ           35%        N/A       2%          2
 Sublimation of Blood     Necr           35%        N/A       2%          2
 Hailstorm                Conj/Ice       72%        3d15      2%          4
 Sticky Flame             Conj/Fire      72%        2d9       2%          4
 Frozen Ramparts          Ice            70%        1d9       4%          3
 Gell's Gravitas          Tloc           35%        N/A       4%          3
 Lesser Beckoning         Tloc           35%        N/A       4%          3
 Teleport Other           Tloc           35%        N/A       4%          3
 Dispel Undead            Necr           35%        3d15      16%         4
 Summon Hydra             Summ           17%        N/A       100%        7


Dungeon Overview and Level Annotations

Branches:
Dungeon (9/15)             Temple (0/1) D:5             Orc (0/2) D:9
   Lair: D:8-11

Altars:
Cheibriados
Makhleb
Nemelex Xobeh
Qazlal
Sif Muna
Wu Jian
Yredelemnul
The Shining One

Shops:
D:9 !


Message History

Press: ? - help, Shift-Dir - straight line, f/p - catoblepas
Aim: a catoblepas (confused, 100% to hit)
You feel a surge of power!
The stone arrow hits the catoblepas but does no damage.
Casting: Stone Arrow (safe; 1% risk of failure)
Confirm with . or Enter, or press ? or * to list all spells.
Aiming: Stone Arrow (safe; 1% risk of failure)
Press: ? - help, Shift-Dir - straight line, f/p - catoblepas
Aim: a catoblepas (confused, 100% to hit)
You feel a surge of power!
The stone arrow hits the catoblepas!
The catoblepas is lightly wounded.
Casting: Stone Arrow (safe; 1% risk of failure)
Confirm with . or Enter, or press ? or * to list all spells.
Aiming: Stone Arrow (safe; 1% risk of failure)
Press: ? - help, Shift-Dir - straight line, f/p - catoblepas
Aim: a catoblepas (lightly wounded, confused, 100% to hit)
You feel a surge of power!
The stone arrow hits the catoblepas.
The catoblepas is moderately wounded.
The catoblepas seems less confused.
Casting: Stone Arrow (safe; 1% risk of failure)
Confirm with . or Enter, or press ? or * to list all spells.
Aiming: Stone Arrow (safe; 1% risk of failure)
Press: ? - help, Shift-Dir - straight line, f/p - catoblepas
Aim: a catoblepas (moderately wounded, 100% to hit)
You feel a surge of power!
The stone arrow hits the catoblepas!
The catoblepas is moderately wounded.
The catoblepas gores you!!
Casting: Stone Arrow (safe; 1% risk of failure)
Confirm with . or Enter, or press ? or * to list all spells.
Aiming: Stone Arrow (safe; 1% risk of failure)
Press: ? - help, Shift-Dir - straight line, f/p - catoblepas
Aim: a catoblepas (moderately wounded, 100% to hit)
You feel a surge of power!
The stone arrow hits the catoblepas!
The catoblepas is heavily wounded.
The catoblepas gores you!
* * * LOW HITPOINT WARNING * * *
As you read the scroll of fear, it crumbles to dust.
You assume a fearsome visage.
The catoblepas easily resists.
The catoblepas gores you!!
You die...

.............>..........##...###.
..............)[........##..###..
.................[..........# #..
.##.........................###.#
.##...................##....#.#.#
......................##.........
.....##..........##..............
.....##....##....##..............
...........##...@○...............
................Y○...............
#####.............#..............
#..................#.^..####.
#.........###.....#..#..## #.
#...........##.#.........###.
##.....>............###.(....
#### ##..................###.##..
...#######...............###.###.


You could see a catoblepas.

Vanquished Creatures
  An ogre mage (D:9)
  A centaur warrior (D:9)
  Pikel (D:6)
  Psyche (D:8)
  An unseen horror zombie (D:8)
  A troll (D:9)
  A shadow (D:8)
  2 wraiths
  11 yaks (D:8)
  A human (D:9)
  A steam dragon (D:8)
  A warg (D:9)
  An acid dragon (D:8)
  2 water moccasins
  3 ice beasts
  6 orc warriors
  An ogre (D:4)
  3 centaurs
  A lemure (D:6)
  2 phantoms
  4 kobold brigands
  Blork the orc (D:6)
  A gnoll sergeant (D:8)
  4 scorpions
  6 necrophages
  7 wights
  5 killer bees (D:8)
  6 howler monkeys
  3 jellies
  3 centaur zombies (D:8)
  2 hounds
  A gnoll shaman (D:7)
  A human zombie (D:8)
  13 orc priests
  4 iguanas
  10 orc wizards
  2 killer bee zombies (D:8)
  2 mummies (D:8)
  A killer bee simulacrum (D:9)
  11 gnolls
  12 adders
  A shadow imp (D:5)
  A white imp (D:7)
  4 ufetubi
  5 worms
  6 dart slugs
  64 orcs
  6 bats
  3 endoplasms
  2 giant cockroaches
  5 goblins
  8 hobgoblins
  4 jackals (D:1)
  9 quokkas
  11 ball pythons
  4 frilled lizards
  A goblin skeleton (D:5)
  A goblin zombie (D:5)
  3 hobgoblin zombies (D:5)
  26 kobolds
  A kobold skeleton (D:5)
  A kobold zombie (D:5)
  2 orc skeletons (D:5)
  An orc zombie (D:5)
  12 rats
322 creatures vanquished.

Vanquished Creatures (collateral kills)
  An orc priest (D:7)
  An orc wizard (D:7)
2 creatures vanquished.

Vanquished Creatures (others)
  A hydra (D:9)
  A plant (D:3)
2 creatures vanquished.

Grand Total: 326 creatures vanquished

Notes
Turn   | Place    | Note
-------+----------+-------------------------------------------
     0 | D:1      | Ijustatesigmund the Deep Elf Earth Elementalist began the
                  | quest for the Orb.
     0 | D:1      | Reached XP level 1. HP: 10/10 MP: 6/6
   273 | D:1      | Reached XP level 2. HP: 15/15 MP: 4/8
   540 | D:1      | Reached skill level 4 in Spellcasting
   544 | D:1      | Reached XP level 3. HP: 9/19 MP: 3/10
   714 | D:1      | Learned a level 3 spell: Stone Arrow
   717 | D:1      | Learned a level 2 spell: Passwall
  1204 | D:2      | Reached skill level 1 in Conjurations
  1423 | D:2      | Learned a level 3 spell: Mephitic Cloud
  1819 | D:2      | Reached XP level 4. HP: 24/24 MP: 10/12
  1907 | D:2      | Reached skill level 5 in Spellcasting
  2164 | D:2      | Found a faded altar of an unknown god.
  2851 | D:4      | HP: 1/24 [something (3)]
  2870 | D:4      | Reached XP level 5. HP: 10/28 MP: 11/15
  3427 | D:3      | Reached skill level 6 in Spellcasting
  3492 | D:3      | Found a snail-covered altar of Cheibriados.
  3510 | D:3      | Became a worshipper of Cheibriados the Contemplative
  3996 | D:3      | Reached XP level 6. HP: 30/32 MP: 17/17
  4109 | D:3      | Reached * piety under Cheibriados
  4738 | D:4      | Reached skill level 1 in Air Magic
  4738 | D:4      | Reached skill level 1 in Poison Magic
  4748 | D:4      | Found an ornate altar of the Wu Jian Council.
  4798 | D:4      | Found a shimmering blue altar of Sif Muna.
  5000 | D:4      | Reached skill level 1 in Invocations
  5005 | D:4      | Reached XP level 7. HP: 9/36 MP: 13/19
  5301 | D:4      | Reached ** piety under Cheibriados
  5316 | D:4      | Reached skill level 7 in Spellcasting
  5669 | D:4      | Upgraded the game from 0.29-a0-670-g5ff2a30383 to
                  | 0.29-a0-719-g0fec994a2d
  5876 | D:5      | Entered Level 5 of the Dungeon
  5972 | D:5      | Reached skill level 5 in Conjurations
  6306 | D:5      | Reached XP level 8. HP: 41/41 MP: 17/21
  6322 | D:5      | Found a staircase to the Ecumenical Temple.
  6409 | D:5      | Found a glowing golden altar of the Shining One.
  6410 | D:5      | Reached *** piety under Cheibriados
  6693 | D:6      | Reached skill level 1 in Evocations
  6751 | D:6      | Reached skill level 8 in Spellcasting
  7055 | D:6      | Found a burning altar of Makhleb.
  7195 | D:6      | Noticed Pikel
  7278 | D:6      | Killed Pikel
  7279 | D:6      | Reached skill level 9 in Spellcasting
  7279 | D:6      | Reached XP level 9. HP: 45/45 MP: 16/24
  7284 | D:6      | Learned a level 4 spell: Petrify
  7494 | D:6      | Noticed Blork the orc
  7499 | D:6      | Killed Blork the orc
  7863 | D:7      | Reached **** piety under Cheibriados
  8029 | D:7      | Reached skill level 10 in Spellcasting
  8073 | D:7      | Reached skill level 5 in Earth Magic
  8736 | D:8      | Reached XP level 10. HP: 50/50 MP: 23/26
  8751 | D:8      | Reached skill level 5 in Invocations
  8869 | D:8      | Reached ***** piety under Cheibriados
  9461 | D:8      | Reached skill level 11 in Spellcasting
  9675 | D:8      | Reached skill level 5 in Transmutations
  9958 | D:8      | Found a sparkling altar of Nemelex Xobeh.
 10189 | D:8      | Reached skill level 1 in Fighting
 10284 | D:8      | Found a basalt altar of Yredelemnul.
 10337 | D:8      | Noticed Psyche
 10344 | D:8      | Killed Psyche
 10985 | D:8      | Reached skill level 5 in Stealth
 10985 | D:8      | Reached XP level 11. HP: 35/58 MP: 25/28
 11316 | D:9      | Reached ****** piety under Cheibriados
 11412 | D:9      | Reached skill level 5 in Dodging
 11472 | D:9      | Found a staircase to the Orcish Mines.
 12014 | D:9      | Found Yngymuwk's Distillery.
 12022 | D:9      | Bought a potion of curing for 48 gold pieces
 12022 | D:9      | Bought a potion of curing for 48 gold pieces
 12022 | D:9      | Bought a potion of magic for 128 gold pieces
 12193 | D:9      | Found a stormy altar of Qazlal.
 12332 | D:9      | Noticed a catoblepas
 12332 | D:9      | Noticed a centaur warrior
 12335 | D:9      | Noticed a four-headed hydra
 12350 | D:9      | Killed a centaur warrior
 12465 | D:9      | Identified the ring "Ruil Kie" {Wiz +Blink rElec rCorr
                  | Dex+3}
 12465 | D:9      | Noticed an ogre mage
 12476 | D:9      | Killed an ogre mage
 12477 | D:9      | Reached skill level 12 in Spellcasting
 12520 | D:9      | Slain by a catoblepas

Illustrated notes

Levels and vault maps discovered:
D:1:      lightli_arrival_statuegarden, layout_rooms
D:2:      layout_rooms, basic_ecumenical_altar, hangedman_decor_growths,
          minmay_statues_item, minmay_misc_feat_diagonals,
          kennysheep_decorative_pillar, minmay_pentomino_x4
D:3:      minmay_bubble_buster, layout_loops_ring, cheibrodos_worm_habitat,
          serial_bayou_crossing
D:4:      layout_gridville, nicolae_wu_jian_immortal_techniques,
          kennysheep_orc_sif_temple
D:5:      layout_rooms, nicolae_tso_besieged_by_evil,
          minmay_temple_entry_overgrown
D:6:      layout_basic, lemuel_round_altar, skrybe_limestone_x, uniq_pikel,
          uniq_blork_the_orc
D:7:      layout_basic, hellmonk_bongcloud_opening
D:8:      layout_rooms, lemuel_mausoleum_altar_yredelemnul,
          nemelex_altar_shiori, kennysheep_another_room, grunt_ministairs_11,
          uniq_psyche
D:9:      minmay_shrinking_squares, layout_rooms, overflow_temple_1_default,
          erik_orc_4, serial_shops, shop

Skill      XL: |  1  2  3  4  5  6  7  8  9 10 11 |
---------------+----------------------------------+-----
Spellcasting   | 4 5 6 7 9 10 11 12 | 12.1
Earth Magic    | 4 5 6 |  6.6
Conjurations   | 1 2 3 4 5 7 8 |  8.8
Air Magic      | 1 2 3 |  3.0
Poison Magic   | 1 3 |  3.2
Invocations    | 1 2 4 5 7 |  7.1
Evocations     | 4 |  4.3
Transmutations | 3 5 |  5.1
Fighting       | 2 |  2.8
Dodging        | 4 5 |  5.0
Stealth        | 5 |  5.4

Action                   |  1- 3 |  4- 6 |  7- 9 | 10-12 || total
-------------------------+-------+-------+-------+-------++-------
Melee: Short sword       |       |   108 |    32 |    49 ||   189
       Punch             |       |       |       |     2 ||     2
 Cast: Sandblast         |    53 |    63 |     7 |    10 ||   133
       Stone Arrow       |       |    20 |   126 |   134 ||   280
       Mephitic Cloud    |       |     1 |    27 |    29 ||    57
       Petrify           |       |       |     1 |     8 ||     9
Invok: Slouch            |       |       |       |     1 ||     1
Evoke: Wand              |       |       |     6 |    12 ||    18
  Use: Scroll            |       |    14 |     5 |     2 ||    21
       Potion            |       |     3 |       |     4 ||     7
 Stab: Sleeping          |       |     2 |     5 |     1 ||     8
       Confused          |       |       |     4 |     7 ||    11
       Petrified         |       |       |       |    22 ||    22
Armor: Robe              |     5 |    65 |    15 |    42 ||   127
Dodge: Dodged            |    33 |   107 |    28 |    76 ||   244

Table legend: (Time is in decaauts)
 A = Elapsed time spent in this place.
 B = Non-inter-level travel time spent in this place.
 C = Inter-level travel time spent in this place.
 D = Time resting spent in this place.
 E = Time spent auto-exploring this place.
 F = Levels seen in this place.
 G = Mean time per level.
                   A        B        C        D        E       F      G
               +--------+--------+--------+--------+--------+-----+--------+
         Total |  15125 |  14834 |    291 |   5033 |   7198 |   9 | 1680.6 |
       Dungeon |  15125 |  14834 |    291 |   5033 |   7198 |   9 | 1680.6 |
               +--------+--------+--------+--------+--------+-----+--------+

Top non-repeatable levels by time:
     D:8: 3346 daAuts
     D:4: 2145 daAuts
     D:3: 1785 daAuts
     D:9: 1578 daAuts
     D:7: 1492 daAuts
     D:2: 1263 daAuts
     D:6: 1234 daAuts
     D:1: 1202 daAuts
     D:5: 1077 daAuts
